 Dungeon Crawl Stone Soup version 0.29.0-11-gd7f09526c8 (webtiles) character file.

Game seed: 14615296775509130007

124895 Arum the Warrior (level 17, -2/126 (147) HPs)
             Began as a Formicid Fighter on Sept 4, 2022.
             Was the Champion of Okawaru.
             Slain by a two-headed ogre
             ... wielding a +0 great mace
              (23 damage)
             ... on level 2 of the Orcish Mines.
             The game lasted 00:57:07 (34708 turns).

Arum the Warrior (Formicid Fighter)                Turns: 34708, Time: 00:57:07

HP:   -2/126 (147)  AC: 18    Str: 29    XL:     17   Next: 49%
MP:   20/20         EV: 19    Int: 11    God:    Okawaru [******]
Gold: 2128          SH:  0    Dex: 15    Spells: 16/16 levels left

rFire   . . .      SeeInvis +   w - +0 giant spiked club (freeze)
rCold   + . .      Faith    +   (shield currently unavailable)
rNeg    . . .      Spirit   .   L - +0 swamp dragon scales
rPois   +          Reflect  .   (helmet unavailable)
rElec   +          Harm     .   o - +1 cloak of the Butcher {Str+3 Dex+2}
rCorr   .          Rampage  .   (no gloves)
Will    ++...                   H - +0 pair of boots
Stlth   ++........              r - amulet of Tension {Faith +Inv rElec}
HPRegen 0.31/turn               f - ring of protection from cold
MPRegen 0.17/turn               O - ring of willpower

@: heroic, studying Ice Magic, heavily drained
A: permanent stasis, dig shafts and tunnels, antennae 3, four strong arms
a: Dig, Shaft Self, Renounce Religion, Evoke Invisibility, Heroism, Finesse,
Duel


You were on level 2 of the Orcish Mines.
You worshipped Okawaru.
Okawaru was exalted by your worship.
You visited 3 branches of the dungeon, and saw 22 of its levels.
You also visited: Ice Cave.

You collected 2193 gold pieces.
You spent 65 gold pieces at shops.

Inventory:

Hand Weapons
 b - a +1 spectral giant club
 j - a +2 vorpal great mace
 w - a +0 giant spiked club of freezing (weapon)
 J - a +4 vorpal executioner's axe
 M - the +11 morningstar of Foolhardiness {pain, Dex+7 Stlth-}
   (Okawaru gifted it to you on level 1 of the Lair of Beasts)

   In the hands of one skilled in necromantic magic, it inflicts extra damage on
   living creatures.
   Dex:       It affects your dexterity (+7).
   Stlth:     It makes you less stealthy.
 R - the +8 whip "Snakebite" {venom, curare, rPois}
   (You took it off Amaemon on level 3 of the Lair of Beasts)

   It poisons the flesh of those it strikes.
   It occasionally inflicts asphyxiating poison on those it strikes, dealing
   poison damage and causing slowness.
   rPois:     It protects you from poison.
 T - the +1 mace of the Mosquito {venom, rElec rPois rCorr Int+5}
   (Okawaru gifted it to you on level 5 of the Lair of Beasts)

   It poisons the flesh of those it strikes.
   Int:       It affects your intelligence (+5).
   rElec:     It insulates you from electricity.
   rPois:     It protects you from poison.
   rCorr:     It protects you from acid and corrosion.
Missiles
 a - 4 silver javelins
 d - 2 throwing nets
 A - 5 javelins
Armour
 o - the +1 cloak of the Butcher (worn) {Str+3 Dex+2}
   (Okawaru gifted it to you on level 11 of the Dungeon)

   Str:       It affects your strength (+3).
   Dex:       It affects your dexterity (+2).
 s - a +2 plate armour of willpower
 H - a +0 pair of boots (worn)
 L - +0 swamp dragon scales (worn)
 N - the +1 chain mail of the Black Moon {rCorr Int+3}
   (Okawaru gifted it to you on level 2 of the Lair of Beasts)

   Int:       It affects your intelligence (+3).
   rCorr:     It protects you from acid and corrosion.
 W - a +0 tower shield of cold resistance
Jewellery
 e - the amulet of the Tentacled God {RegenMP Int+4 Dex+4}
   (You acquired it on level 8 of the Dungeon)

   [amulet of magic regeneration]

   It increases your rate of magic regeneration.
   Int:       It affects your intelligence (+4).
   Dex:       It affects your dexterity (+4).
 f - a ring of protection from cold (left hand)
 n - a ring of flight
 r - the amulet of Tension (around neck) {Faith +Inv rElec}
   (You found it on level 2 of the Dungeon)

   [amulet of faith]

   It allows you to gain divine favour quickly.
   rElec:     It insulates you from electricity.
   +Inv:      It lets you turn invisible.
 O - a ring of willpower (right hand)
 S - a +4 ring of protection
Wands
 m - a wand of flame (13)
 q - a wand of roots (8)
 t - a wand of digging (10)
 D - a wand of polymorph (4)
 F - a wand of quicksilver (9)
Scrolls
 c - a scroll of magic mapping
 i - 8 scrolls of identify
 k - 5 scrolls of immolation
 p - 4 scrolls of torment
 y - 2 scrolls of enchant armour
 G - a scroll of fog
 K - a scroll of amnesia
 P - 3 scrolls of fear
 U - a scroll of poison
Potions
 g - 10 potions of curing
 h - 2 potions of magic
 l - 2 potions of flight
 v - 3 potions of brilliance
 x - 5 potions of mutation
 z - 5 potions of resistance
 B - 5 potions of might
 C - 5 potions of lignification
 E - 3 potions of cancellation
 Q - 2 potions of attraction


   Skills:
 + Level 17.0(22.0) Fighting
 + Level 15.6(20.6) Maces & Flails
 + Level 16.5(21.5) Armour
 + Level 10.5(15.5) Dodging
 - Level 4.0(9.0) Shields
 - Level 5.0 Invocations


You had 16 spell levels left.
You didn't know any spells.
Your spell library contained the following spells:

 Spells                   Type           Power      Damage    Failure   Level
 Magic Dart               Conj           0%         1d3       38%         1
 Necrotise                Necr           0%         1d4       38%         1
 Sting                    Tmut/Pois      0%         1d3       38%         1
 Ensorcelled Hibernation  Hex/Ice        0%         N/A       54%         2
 Passwall                 Tmut/Erth      0%         N/A       54%         2
 Poisonous Vapours        Pois/Air       0%         N/A       54%         2
 Dazzling Flash           Conj/Hex       0%         N/A       77%         3
 Ignite Poison            Fire/Tmut/Pois 0%         N/A       77%         3
 Mephitic Cloud           Conj/Pois/Air  0%         N/A       77%         3
 Spider Form              Tmut/Pois      0%         N/A       77%         3
 Vampiric Draining        Necr           0%         2d6       77%         3
 Airstrike                Air            0%         2d(0-16)  99%         4
 Anguish                  Hex/Necr       0%         N/A       99%         4
 Olgreb's Toxic Radiance  Pois           0%         N/A       99%         4
 Agony                    Necr           0%         N/A       100%        5
 Fireball                 Conj/Fire      0%         3d3       100%        5
 Freezing Cloud           Conj/Ice/Air   0%         6-21      100%        5
 Lightning Bolt           Conj/Air       0%         1d11      100%        5
 Manifold Assault         Tloc           0%         N/A       100%        5
 Silence                  Hex/Air        0%         N/A       100%        5
 Starburst                Conj/Fire      0%         6d3       100%        6
 Storm Form               Tmut/Air       0%         N/A       100%        7
 Ignition                 Fire           0%         3d3       100%        8
 Polar Vortex             Ice            0%         N/A       100%        9
 Blink                    Tloc           Unusable   N/A       N/A         2
 Call Imp                 Summ           Unusable   N/A       N/A         2
 Swiftness                Air            Unusable   N/A       N/A         3
 Animate Dead             Necr           Unusable   N/A       N/A         4
 Summon Ice Beast         Ice/Summ       Unusable   N/A       N/A         4
 Summon Lightning Spire   Summ/Air       Unusable   N/A       N/A         4
 Summon Mana Viper        Hex/Summ       Unusable   N/A       N/A         5
 Simulacrum               Ice/Necr       Unusable   N/A       N/A         6
 Monstrous Menagerie      Summ           Unusable   N/A       N/A         7

Dungeon Overview and Level Annotations

Branches:
Dungeon (15/15)            Temple (0/1) D:6            Lair (5/5) D:11
  Swamp (0/4) Lair:2        Snake (0/4) Lair:3        Slime (0/5) Lair:5
    Orc (2/2) D:10            Elf (0/3) Orc:2        Vaults (0/5) D:14
 Depths (0/4) D:15          IceCv (visited)

Altars:
Ashenzari
Cheibriados
Fedhas
Kikubaaqudgha
Nemelex Xobeh
Okawaru
Qazlal
Ru
Sif Muna
Vehumet
Wu Jian
The Shining One
Jiyva

Shops:
D:7 *

Portals:
Trove: D:14 (give 17 potions of curing)

Annotations:
Lair:5 1 runed translucent door


Innate Abilities, Weirdness & Mutations

You cannot be hasted, slowed, berserked, paralysed or teleported.
You can dig through walls and to a lower floor.
You have a pair of large antennae on your head. (SInv)
Your four strong arms can wield two-handed weapons with a shield.


Message History

* * * LOW HITPOINT WARNING * * *
You catch the helpless troll completely off-guard!
You hit the troll. You freeze the troll.
The troll is lightly wounded.
You catch the helpless troll completely off-guard!
You sock the troll! You freeze the troll.
The troll is heavily wounded.
The troll closely misses you. The troll misses you.
The troll closely misses you.
You catch the helpless troll completely off-guard!
You hit the troll but do no damage.
The troll is heavily wounded.
The troll misses you. x2; The troll completely misses you.
You skewer the troll like a kebab!!! You freeze the troll.
You kill the troll!
Okawaru accepts your kill.
The troll leather armour is intact enough to wear.
Okay, then.
You start resting.
A two-headed ogre is nearby!
You hit the two-headed ogre. You freeze the two-headed ogre.
The two-headed ogre is lightly wounded.
The two-headed ogre hits you with a +0 great mace!!
* * * LOW HITPOINT WARNING * * *
The two-headed ogre barely misses you.
Unknown command.
You feel better.
The two-headed ogre hits you but does no damage.
The two-headed ogre closely misses you.
You feel better.
You flicker back into view.
You sock the two-headed ogre! You freeze the two-headed ogre.
The two-headed ogre is heavily wounded.
The two-headed ogre closely misses you. The two-headed ogre misses you.
You sock the two-headed ogre! You freeze the two-headed ogre.
The two-headed ogre is severely wounded.
You closely miss the two-headed ogre.
The two-headed ogre is severely wounded.
The two-headed ogre hits you with a +0 great mace!!
You die... .T.OO.O

#............
..{{{O{#####............
...{{{#..##............$
..{{{{{{.O.<........h...
..{{{{{{.##....#.....$..
..{{{#{#{###...##)......
..{{ ##{##....o#........
.. {{#O##..............>
{##@##.#..<.....#... {
#######...........
#...#........
#.............. {
#...............
##..............
#............$..
#.....#......... .......
....##..


You could see a two-headed ogre.

Vanquished Creatures
  Rupert (Orc:2)
  Frances (D:13)
  Gastronok (Lair:3)
  A fire giant (D:15)
  An orc warlord (Orc:1)
  A frost giant (IceCv)
  Nessos (D:14)
  A fire dragon (Lair:5)
  3 boulder beetles
  Fannar (D:12)
  Erolcha (D:12)
  9 hydras
  An ice dragon (Lair:5)
  6 centaur warriors
  2 catoblepae (Lair:2)
  10 two-headed ogres
  12 death yaks
  2 tengu warriors (D:13)
  Urug (D:12)
  Amaemon (Lair:3)
  A deep troll (Orc:2)
  Pikel (D:7)
  A swamp dragon (Lair:5)
  A deep elf pyromancer (D:15)
  A lindwurm (Lair:5)
  An orc knight (D:15)
  12 ugly things
  2 wolf spiders (Orc:1)
  2 orc sorcerers (Orc:1)
  6 cyclopes
  4 manticores
  4 elephants (Lair:2)
  Joseph (D:10)
  An ice statue (IceCv)
  3 black mambas
  An orange demon (Lair:3)
  A gargoyle (D:13)
  10 cane toads
  5 torpor snails (Lair:5)
  Maggie (Lair:1)
  An efreet (D:15)
  9 rime drakes
  A freezing wraith (D:14)
  6 komodo dragons
  2 ice devils (Orc:1)
  A tengu conjurer (D:13)
  10 trolls
  A wind drake (shapeshifter) (D:13)
  A tarantella (Orc:1)
  9 hornets
  4 tyrant leeches (Lair:5)
  3 meliai (D:15)
  5 dream sheep (Lair:5)
  6 polar bears
  A slime creature (D:13)
  12 blink frogs
  3 shadows
  3 wyverns
  Eustachio (D:6)
  3 wraiths
  51 yaks
  5 steam dragons
  A redback (Orc:1)
  2 basilisks
  2 vampire mosquitoes (D:15)
  Edmund (D:5)
  7 wargs
  4 nagas
  11 water moccasins
  A swamp drake (Lair:5)
  An acid dragon (Lair:5)
  An ice beast (D:6)
  17 orc warriors
  A sky beast (D:7)
  2 black bears
  10 ogres
  18 wolves
  9 centaurs
  A lemure (D:7)
  2 phantoms
  6 kobold brigands
  2 necrophages
  8 bullfrogs
  5 gnoll sergeants
  2 scorpions
  7 electric eels
  2 howler monkeys
  4 hounds
  6 jellies
  18 orc priests
  2 gnoll boudas
  6 iguanas
  14 orc wizards
  A boggart simulacrum (D:14)
  12 gnolls
  4 adders
  2 shadow imps (D:7)
  A white imp (D:6)
  An ufetubus (D:3)
  5 worms
  6 dart slugs
  64 orcs
  9 endoplasms
  3 giant cockroaches
  4 goblins
  4 hobgoblins
  20 kobolds
  4 quokkas
  7 ball pythons
  9 bats
  8 rats
591 creatures vanquished.

Vanquished Creatures (others)
  A troll (D:13)
  A centaur (D:13)
  38 fungi
  39 plants
79 creatures vanquished.

Grand Total: 670 creatures vanquished

Notes
Turn   | Place    | Note
-------+----------+-------------------------------------------
     0 | D:1      | Arum the Formicid Fighter began the quest for the Orb.
     0 | D:1      | Reached XP level 1. HP: 18/18 MP: 1/1
   133 | D:1      | Reached XP level 2. HP: 7/24 MP: 2/2
   590 | D:1      | Found a faded altar of an unknown god.
   596 | D:1      | Prayed at the altar of an unknown god.
   596 | D:1      | Became a worshipper of Kikubaaqudgha
   596 | D:1      | Reached * piety under Kikubaaqudgha
   596 | D:1      | Received a gift from Kikubaaqudgha
   598 | D:1      | Fell from the grace of Kikubaaqudgha
   710 | D:1      | Reached XP level 3. HP: 30/30 MP: 3/3
  1323 | D:2      | Reached skill level 4 in Fighting
  1323 | D:2      | Reached XP level 4. HP: 34/37 MP: 4/4
  1928 | D:2      | Identified the amulet of Tension {Faith +Inv rElec}
  2167 | D:3      | Reached XP level 5. HP: 33/42 MP: 5/5
  3092 | D:4      | Noticed a phantom
  3161 | D:3      | Reached XP level 6. HP: 29/48 MP: 6/6
  3164 | D:3      | Reached skill level 5 in Fighting
  3164 | D:3      | Reached skill level 5 in Armour
  3420 | D:4      | Noticed an ogre
  3432 | D:4      | Killed an ogre
  3433 | D:4      | Reached XP level 7. HP: 23/56 MP: 7/7
  4022 | D:4      | Found a radiant altar of Vehumet.
  4519 | D:5      | Entered Level 5 of the Dungeon
  4594 | D:5      | Reached skill level 6 in Fighting
  4727 | D:5      | Reached skill level 5 in Maces & Flails
  4727 | D:5      | Reached XP level 8. HP: 45/64 MP: 8/8
  4879 | D:5      | Noticed Edmund
  4890 | D:5      | Killed Edmund
  5155 | D:5      | You fall into a shaft and drop 3 floors!
  5329 | D:7      | Noticed Pikel
  5339 | D:7      | Killed Pikel
  5340 | D:7      | Reached skill level 7 in Fighting
  5340 | D:7      | Reached XP level 9. HP: 59/72 MP: 9/9
  5480 | D:7      | Reached skill level 8 in Fighting
  6704 | D:6      | Found an iron altar of Okawaru.
  6712 | D:6      | Became a worshipper of Warmaster Okawaru
  6738 | D:6      | Found a staircase to the Ecumenical Temple.
  7263 | D:6      | Noticed Eustachio
  7275 | D:6      | Killed Eustachio
  7561 | D:6      | Found a snail-covered altar of Cheibriados.
  7678 | D:6      | Found an ornate altar of the Wu Jian Council.
  7751 | D:7      | Found a sparkling altar of Nemelex Xobeh.
  7972 | D:7      | Was forgiven by Kikubaaqudgha
  8153 | D:7      | Reached XP level 10. HP: 60/81 MP: 10/10
  8295 | D:7      | Found Nigug's General Store.
  8303 | D:7      | Bought a potion of heal wounds for 65 gold pieces
  8381 | D:8      | Identified a scroll of acquirement
  8381 | D:8      | Acquired the amulet of the Tentacled God {RegenMP Int+4
                  | Dex+4}
  8443 | D:8      | Identified the +2 leather armour of Ivothroe {rC- Will+++
                  | MP+9 Stlth+}
  8467 | D:8      | Reached skill level 9 in Fighting
  8777 | D:8      | Found a shimmering blue altar of Sif Muna.
  8787 | D:8      | Reached * piety under Okawaru
  8812 | D:8      | Reached ** piety under Okawaru
  9101 | D:8      | Identified the +0 leather armour of Dim Light {Drain rC+
                  | Int+4}
  9402 | D:8      | Found an ancient bone altar of Kikubaaqudgha.
  9937 | D:9      | Found a broken altar of Ashenzari.
 10213 | D:9      | Reached skill level 10 in Fighting
 10213 | D:9      | Reached skill level 10 in Armour
 10745 | D:9      | Reached *** piety under Okawaru
 10798 | D:9      | Reached XP level 11. HP: 74/92 MP: 11/11
 11244 | D:9      | Found a blossoming altar of Fedhas.
 11254 | D:9      | Found a glowing golden altar of the Shining One.
 11486 | D:10     | Entered Level 10 of the Dungeon
 11504 | D:10     | Found a staircase to the Orcish Mines.
 11516 | D:10     | Reached **** piety under Okawaru
 11559 | D:10     | Reached skill level 1 in Invocations
 11973 | D:10     | Reached skill level 11 in Fighting
 12500 | D:10     | Reached skill level 10 in Maces & Flails
 13096 | D:10     | Noticed Joseph
 13107 | D:10     | Killed Joseph
 13107 | D:10     | Reached ***** piety under Okawaru
 13193 | D:10     | Noticed a two-headed ogre
 13197 | D:10     | Killed a two-headed ogre
 13837 | D:11     | Noticed a cyclops
 13848 | D:11     | Killed a cyclops
 13888 | D:11     | Reached skill level 5 in Invocations
 13888 | D:11     | Noticed a two-headed ogre
 13897 | D:11     | Killed a two-headed ogre
 13988 | D:11     | Reached skill level 1 in Dodging
 14068 | D:11     | Noticed a two-headed ogre
 14079 | D:11     | Killed a two-headed ogre
 14080 | D:11     | Reached XP level 12. HP: 57/100 MP: 15/15
 14321 | D:11     | Noticed a two-headed ogre
 14332 | D:11     | Killed a two-headed ogre
 14332 | D:11     | Identified the +1 cloak of the Butcher {Str+3 Dex+2}
                  | (Okawaru gifted it to you on level 11 of the Dungeon)
 14332 | D:11     | Received a gift from Okawaru
 14754 | D:11     | Found a staircase to the Lair.
 15481 | D:12     | Noticed a two-headed ogre
 15489 | D:12     | Killed a two-headed ogre
 15490 | D:12     | Reached skill level 12 in Fighting
 15490 | D:12     | Noticed a two-headed ogre
 15493 | D:12     | Noticed Urug
 15495 | D:12     | Killed a two-headed ogre
 15574 | D:12     | Killed Urug
 15583 | D:12     | Noticed a boulder beetle
 15594 | D:12     | Killed a boulder beetle
 15939 | D:12     | Noticed a five-headed hydra
 15961 | D:12     | Killed a five-headed hydra
 16402 | D:12     | Noticed a boulder beetle
 16416 | D:12     | Killed a boulder beetle
 16416 | D:12     | Noticed Erolcha
 16424 | D:12     | Killed Erolcha
 16424 | D:12     | Reached ****** piety under Okawaru
 16867 | D:12     | Noticed Fannar
 16868 | D:12     | Received a gift from Okawaru
 16878 | D:12     | Killed Fannar
 16879 | D:12     | Reached XP level 13. HP: 75/109 MP: 8/16
 17241 | D:13     | Noticed a centaur warrior
 17244 | D:13     | Reached skill level 5 in Dodging
 17250 | D:13     | Killed a centaur warrior
 17353 | D:13     | Noticed a centaur warrior
 17358 | D:13     | Noticed Frances
 17364 | D:13     | Killed a centaur warrior
 17365 | D:13     | Reached skill level 13 in Fighting
 17372 | D:13     | Killed Frances
 17764 | D:13     | Received a gift from Okawaru
 18205 | D:13     | Noticed a centaur warrior
 18205 | D:13     | Noticed a seven-headed hydra
 18216 | D:13     | Killed a seven-headed hydra
 18217 | D:13     | Noticed a five-headed hydra
 18217 | D:13     | Killed a centaur warrior
 18253 | D:13     | Noticed a centaur warrior
 18321 | D:13     | Killed a centaur warrior
 18518 | D:13     | Killed a five-headed hydra
 18518 | D:13     | Identified the +1 scale mail "Zuulut" {+Inv rPois Stlth+}
                  | (Okawaru gifted it to you on level 13 of the Dungeon)
 18518 | D:13     | Received a gift from Okawaru
 19440 | D:14     | Found a gate to the Vaults.
 19465 | D:14     | Noticed Nessos
 19970 | D:13     | HP: 5/112 [poisoned by Nessos]
 20622 | D:14     | Reached XP level 14. HP: 22/119 MP: 10/17
 20647 | D:14     | Killed Nessos
 20992 | D:14     | Found a portal to a secret trove of treasure.
 21000 | D:14     | Reached skill level 14 in Fighting
 21757 | D:15     | Entered Level 15 of the Dungeon
 22381 | D:15     | Found a stormy altar of Qazlal.
 22452 | D:15     | Found a sacrificial altar of Ru.
 22565 | D:15     | Received a gift from Okawaru
 22732 | D:15     | Found a staircase to the Depths.
 22732 | D:15     | Noticed a fire giant
 22752 | D:15     | Killed a fire giant
 23447 | Lair:1   | Entered Level 1 of the Lair of Beasts
 23533 | Lair:1   | Noticed Maggie
 23541 | Lair:1   | Killed Maggie
 24482 | Lair:1   | Identified the +11 morningstar of Foolhardiness {pain,
                  | Dex+7 Stlth-} (Okawaru gifted it to you on level 1 of the
                  | Lair of Beasts)
 24482 | Lair:1   | Received a gift from Okawaru
 25023 | Lair:2   | Identified the +1 chain mail of the Black Moon {rCorr
                  | Int+3} (Okawaru gifted it to you on level 2 of the Lair of
                  | Beasts)
 25023 | Lair:2   | Received a gift from Okawaru
 25041 | Lair:2   | Reached XP level 15. HP: 40/127 MP: 11/18
 25077 | Lair:2   | Reached skill level 15 in Armour
 25568 | Lair:2   | Reached skill level 15 in Fighting
 25926 | Lair:2   | Found a staircase to the Swamp.
 26328 | Lair:3   | Found a staircase to the Snake Pit.
 26869 | Lair:3   | Noticed Gastronok
 26882 | Lair:3   | Killed Gastronok
 27201 | Lair:3   | Noticed Amaemon
 27213 | Lair:3   | Killed Amaemon
 28716 | Lair:4   | You fall into a shaft and drop 1 floor!
 28716 | Lair:5   | Entered Level 5 of the Lair of Beasts
 29806 | Lair:5   | Found a runed translucent door.
 29964 | Lair:5   | Identified the +1 mace of the Mosquito {venom, rElec rPois
                  | rCorr Int+5} (Okawaru gifted it to you on level 5 of the
                  | Lair of Beasts)
 29964 | Lair:5   | Received a gift from Okawaru
 31853 | Lair:5   | Found a runed translucent door.
 31856 | Lair:5   | Found a viscous altar of Jiyva.
 31857 | Lair:5   | Found a staircase to the Slime Pits.
 31857 | Lair:5   | Noticed an acid blob
 31857 | Lair:5   | Noticed an acid blob
 31857 | Lair:5   | Noticed an acid blob
 32055 | Orc:1    | Entered Level 1 of the Orcish Mines
 32220 | Orc:1    | Reached XP level 16. HP: 75/138 MP: 19/19
 32252 | Orc:1    | Found a frozen archway.
 32288 | IceCv    | Entered an ice cave
 32547 | IceCv    | Identified the +7 longbow of Charity {flame, rC+} (Okawaru
                  | gifted it to you in an ice cave)
 32547 | IceCv    | Received a gift from Okawaru
 32561 | IceCv    | Reached skill level 16 in Fighting
 32791 | IceCv    | Reached skill level 10 in Dodging
 32994 | IceCv    | Reached skill level 15 in Maces & Flails
 32994 | IceCv    | Reached XP level 17. HP: 146/146 MP: 20/20
 34211 | Orc:1    | Identified the +1 cloak of the Leaping Gods {Harm} (Okawaru
                  | gifted it to you on level 1 of the Orcish Mines)
 34211 | Orc:1    | Received a gift from Okawaru
 34641 | Orc:2    | Entered Level 2 of the Orcish Mines
 34646 | Orc:2    | Found a staircase to the Elven Halls.
 34664 | Orc:2    | Noticed Rupert
 34692 | Orc:2    | Killed Rupert
 34697 | Orc:2    | Reached skill level 17 in Fighting
 34703 | Orc:2    | HP: 4/126 [two-headed ogre/+0 great mace (23)]
 34708 | Orc:2    | Slain by a two-headed ogre

Illustrated notes

Levels and vault maps discovered:
D:1:      zaba_arrival_water, layout_loops_ring,
          shapermc_ecumenical_altar_petra, kennysheep_minor_cross,
          nrook_mini_backslash
D:2:      minmay_wonky_spiral, layout_basic, dk_vineyard_3,
          kennysheep_pointless_box
D:3:      layout_loops_ring
D:4:      layout_loops_ring, lemuel_tele_altar, serial_aquarium,
          aquarium_bridge_straight [aquarium_subvault_bridge,
          aquarium_subvault_wall, aquarium_subvault_bridge,
          aquarium_subvault_window], aquarium_window_3, aquarium_window_2,
          aquarium_view_2d, aquarium_balcony_double_4, minmay_misc_feat_rows
D:5:      layout_loops_ring, nicolae_elevator_lobby_plus, uniq_edmund
D:6:      layout_loops_ring, mainiacjoe_overflow_boulevard,
          pdpol_wu_jian_five_deadly_venoms, lemuel_crystal_altar,
          minmay_temple_entry_wispy, corexii_hall_statues_i,
          grunt_decor_one_mirror, kennysheep_generic_room_12, uniq_eustachio
D:7:      layout_rooms, nemelex_diamond_rough_becter, serial_shops, shop,
          minmay_stone_trees_medium, uniq_pikel
D:8:      layout_basic, nicolae_sif_muna_condensation,
          mainiacjoe_overflow_six_doors_small, serial_bayou,
          serial_bayou_ford_a, serial_bayou_lagoon_a, serial_bayou_pond_d,
          serial_bayou_pond_c, serial_bayou_shore_b,
          amcnicky_mini_corridor_feature, st_stairs_13
D:9:      layout_gridville, mainiacjoe_overflow_alcove_2,
          cheibrodos_ashenzari_chains, tso_oasis_becter
D:10:     layout_loops_cross, kennysheep_orc_monster_closet_entryway,
          fungi_pond_lemuel, minmay_sticks_and_stones
D:11:     layout_layer_cave, erik_lair_orcish_takeover, kennysheep_donut
D:12:     layout_rooms, uniq_erolcha, uniq_urug, uniq_fannar
D:13:     layout_irregular_city, onia_ninara_cookie, uniq_frances
D:14:     layout_cross, chequers_serial_rivers_room_b, enter_trove_0,
          uniq_nessos
D:15:     grunt_enter_depths_giant_problem, layout_gridville,
          nicolae_ru_sacrificial_ziggurat, nicolae_qazlal_style_of_elements
Lair:1:   layout_concentric_octagons, grunt_megastairs_1, uniq_maggie
Lair:2:   layout_roguey, swamp_mist, st_stairs_3, nzn_sisyphean_effort
Lair:3:   layout_gridlike, guppyfry_snake_entry_garden, uniq_amaemon,
          uniq_gastronok
Lair:4:   layout_gridlike, eino_small_chamber_without_monster,
          grunt_megastairs_3
Lair:5:   wormcave, layout_gridlike, guppyfry_lair_end_dragon, slime_entry_2
Orc:1:    nicolae_orc_accident_3, layout_caves, portal_ice_cave_demonic_guard
Orc:2:    st_orc_open, layout_caves, serial_shops, shop, basic_altar,
          minmay_orc_treasury, uniq_jorgrun, uniq_rupert

Skill      XL: |  1  2  3  4  5  6  7  8  9 10 11 12 13 14 15 16 17 |
---------------+----------------------------------------------------+-----
Fighting       | 4 5 6 7 8 10 11 12 13 14 15 16 17 | 17.0
Armour         | 4 5 6 7 8 10 11 12 13 14 15 16 | 16.5
Maces & Flails | 3 4 5 6 7 9 10 11 12 13 14 15 | 15.6
Invocations    | 5 |  5.0
Dodging        | 1 4 6 8 9 10 | 10.5
Shields        | |  4.0

Action                   |  1- 3 |  4- 6 |  7- 9 | 10-12 | 13-15 | 16-18 || total
-------------------------+-------+-------+-------+-------+-------+-------++-------
Melee: Flail             |   113 |   115 |       |       |       |       ||   228
       Giant spiked club |       |       |   178 |   403 |   838 |   186 ||  1605
       Morningstar       |       |       |       |       |    11 |     7 ||    18
       Whip              |       |       |       |       |    26 |   102 ||   128
Invok: Renounce Religion |     1 |       |       |       |       |       ||     1
       Heroism           |       |       |       |     8 |    12 |     2 ||    22
       Finesse           |       |       |       |     2 |     6 |     1 ||     9
 Abil: Dig               |       |     3 |     2 |     3 |    16 |     8 ||    32
Evoke: Wand              |       |       |       |       |     4 |       ||     4
  Use: Potion            |       |     1 |       |     5 |     8 |     4 ||    18
       Scroll            |       |       |       |    21 |     7 |     1 ||    29
 Stab: Distracted        |       |       |       |     1 |       |       ||     1
       Invisible         |       |       |       |       |     3 |     4 ||     7
Armor: Scale mail        |    66 |     1 |       |       |       |       ||    67
       Plate armour      |       |    64 |   143 |   233 |   185 |    21 ||   646
       Swamp dragon scal |       |       |       |       |   205 |    46 ||   251
Dodge: Dodged            |    67 |    35 |    75 |   151 |   640 |   150 ||  1118
Block: Buckler           |    32 |    39 |       |       |     5 |     7 ||    83
